 Dungeon Crawl Stone Soup version 0.21-a0-404-g291f19a (webtiles) character file.

219 nikopol the Firebug (level 5, 0/28 HPs)
             Began as a Deep Elf Fire Elementalist on Oct 27, 2017.
             Slain by a hobgoblin (2 damage)
             ... led by Robin
             ... on level 3 of the Dungeon.
             The game lasted 00:06:53 (1874 turns).

nikopol the Firebug (Deep Elf Fire Elementalist)    Turns: 1874, Time: 00:06:54

Health: 0/28       AC:  4    Str:  5    XL:     5   Next: 64%
Magic:  9/14       EV: 14    Int: 25    God:
Gold:   61         SH:  0    Dex: 15    Spells: 7/13 levels left

rFire    . . .     SeeInvis .   l - +2 mace of Integrity {speed, Int+4} (curse)
rCold    . . .     Gourm    .   (no shield)
rNeg     . . .     Faith    .   a - +0 robe
rPois    .         Spirit   .   r - +0 helmet
rElec    .         Reflect  .   (no cloak)
rCorr    .         Harm     .   t - +0 pair of gloves
MR       .....                  (no boots)
Stlth    ++........             (no amulet)
HPRegen  0.09/turn              (no ring)
MPRegen  0.14/turn              (no ring)

@: no status effects
A: no striking features
a: no special abilities


You were on level 3 of the Dungeon.
You were not hungry.

You visited 1 branch of the dungeon, and saw 4 of its levels.

You collected 61 gold pieces.

Inventory:

Hand Weapons
 l - the cursed +2 mace of Integrity (weapon) {speed, Int+4}
   (You found it on level 4 of the Dungeon)

   Attacks with this weapon are significantly faster.
   It affects your intelligence (+4).
   It has a curse placed upon it.
 p - a +0 dagger
Armour
 a - a +0 robe (worn)
 r - a +0 helmet (worn)
 t - a +0 pair of gloves (worn)
Jewellery
 d - an uncursed ring of protection from cold {unknown}
 j - an uncursed ring of protection from magic {unknown}
 n - an uncursed ring of flight {unknown}
Scrolls
 f - a scroll of identify {unknown}
 g - 3 scrolls of remove curse {unknown}
 m - a scroll of enchant weapon {unknown}
 q - 2 scrolls of random uselessness {unknown}
 s - a scroll of recharging {unknown}
Potions
 e - a potion of lignification {unknown}
 h - a potion of cancellation {unknown}
 k - a potion of haste {unknown}
 o - 2 potions of heal wounds {unknown}
Books
 b - a book of Flames

   Spells                             Type                      Level
   a - Flame Tongue                   Conjuration/Fire             1
   b - Throw Flame                    Conjuration/Fire             2
   c - Conjure Flame                  Conjuration/Fire             3
   d - Inner Flame                    Hexes/Fire                   3
   e - Sticky Flame                   Conjuration/Fire             4
   f - Fireball                       Conjuration/Fire             5
Comestibles
 c - 2 bread rations
 i - a royal jelly
 u - 2 chunks of flesh


   Skills:
 + Level 0.2 Fighting
 + Level 3.6 Dodging
 + Level 3.2 Stealth
 + Level 4.6 Spellcasting
 + Level 2.2 Conjurations
 + Level 5.0 Fire Magic


You had 7 spell levels left.
You knew the following spells:

 Your Spells              Type           Power        Failure   Level  Hunger
a - Flame Tongue          Conj/Fire      ###..        1%          1    None
b - Throw Flame           Conj/Fire      ###...       3%          2    None
c - Conjure Flame         Conj/Fire      ###.....     6%          3    ##.....


Dungeon Overview and Level Annotations

Branches:
Dungeon (4/15)
 Temple: D:4-7

Altars:
Ashenzari

Annotations:
D:3 Robin
D:4 Edmund


Message History

The goblin hits you but does no damage. x2
Robin hits you with a spear of freezing.
* * * LOW HITPOINT WARNING * * *
Robin freezes you.
* * * LOW HITPOINT WARNING * * *
The hobgoblin barely misses you.
Casting: Flame Tongue
Confirm with . or Enter, or press ? or * to list all spells.
Aiming: Flame Tongue
Press: ? - help, Shift-Dir - straight line, f - hobgoblin
Aim: a hobgoblin, wielding a club (unusually strong)
The flame tongue hits the hobgoblin.
You kill the hobgoblin!
The goblin misses you. x2
Robin hits you with a spear of freezing.
* * * LOW HITPOINT WARNING * * *
Robin freezes you.
* * * LOW HITPOINT WARNING * * *
The hobgoblin hits you.
You die...

........# ###
#.........# ..#
#.........# #.#..
#.........### #.##.
##..........#####.##.
#.........#....##.##.
#.........#....##.##.
#).†g)....#....[..##.
#..)@).....#####..>..
#..ggg.....# #.....
##.......### #.)...
##.....## #.....
#....## #....) #....#
#..... #....# #.....
#....# #..... #....
#...#.


You could see Robin, a hobgoblin and 2 goblins.

Vanquished Creatures
  A hound (D:4)
  An orc priest (D:3)
  Jessica (D:2)
  Natasha (twice) (D:3)
  A worker ant (D:4)
  3 adders
  2 dart slugs
  5 orcs
  3 goblins
  4 hobgoblins
  2 jackals (D:4)
  2 kobolds
  4 bats
  2 rats
33 creatures vanquished.

Notes
Turn   | Place    | Note
-------+----------+-------------------------------------------
     0 | D:1      | nikopol the Deep Elf Fire Elementalist began the quest for the Orb.
     0 | D:1      | Reached XP level 1. HP: 10/10 MP: 6/6
   552 | D:2      | Reached XP level 2. HP: 9/15 MP: 0/8
   656 | D:2      | Noticed Jessica
   663 | D:2      | Killed Jessica
   663 | D:2      | Reached skill level 4 in Fire Magic
   663 | D:2      | Reached XP level 3. HP: 19/19 MP: 4/9
   681 | D:2      | You fall through a shaft for 2 floors!
   684 | D:4      | Found a shattered altar of Ashenzari.
   758 | D:4      | Reached XP level 4. HP: 19/24 MP: 2/11
   795 | D:4      | Noticed Edmund
  1137 | D:4      | Learned a level 2 spell: Throw Flame
  1141 | D:4      | Learned a level 3 spell: Conjure Flame
  1199 | D:4      | Got a slimy mace
  1200 | D:4      | Identified the cursed +2 mace of Integrity {speed, Int+4} (You found it on level 4 of the Dungeon)
  1673 | D:3      | Noticed Natasha
  1675 | D:3      | Reached XP level 5. HP: 28/28 MP: 7/13
  1684 | D:3      | Killed Natasha
  1709 | D:3      | Noticed Natasha
  1800 | D:3      | Killed Natasha
  1800 | D:3      | Reached skill level 5 in Fire Magic
  1868 | D:2      | Noticed Robin
  1874 | D:3      | Slain by a hobgoblin

Vault maps used:
D:1:      dpeg_arrival_oval
D:2:      roderic_lattice_a, patterned_corridor, uniq_jessica, uniq_robin
D:3:      nicolae_ru_path_of_blood, nicolae_overflow_crystal_walls,
          serial_glass, glass_columns_a, glass_columns_b, glass_columns_a,
          glass_columns_c, item_on_display_a, minivault_25, uniq_natasha
D:4:      first_bread, cheibrodos_ashenzari_chains, uniq_edmund

Skill      XL: |  1  2  3  4  5 |
---------------+----------------+-----
Dodging        | 3 |  3.6
Fire Magic     | 4 5 |  5.0
Stealth        | 3 |  3.2
Spellcasting   | 4 |  4.6
Conjurations   | 2 |  2.2
Fighting       | |  0.2

Action                   |  1- 3 |  4- 6 || total
-------------------------+-------+-------++-------
Melee: Unarmed           |     1 |       ||     1
 Cast: Flame Tongue      |    24 |    53 ||    77
  Eat: Chunk             |       |     3 ||     3
Armor: Robe              |     1 |    10 ||    11
Dodge: Dodged            |    10 |    41 ||    51

Table legend:
 A = Spawn XP
 B = Non-spawn XP
 C = Spawn XP percentage of total XP
 D = Spawn monster count
 E = Non-spawn monster count
 F = Spawn count percentage of total count
 G = Total turns spent on level
                    A         B        C        D         E        F      G
               +---------+---------+-------+---------+---------+-------+---------
         Total |       0 |     314 |   0.0 |       0 |      33 |   0.0 |  1874
               +---------+---------+-------+---------+---------+-------+---------
           D:1 |       0 |       9 |   0.0 |       0 |       5 |   0.0 |   493
           D:2 |       0 |      58 |   0.0 |       0 |       5 |   0.0 |   190
           D:3 |       0 |     149 |   0.0 |       0 |      16 |   0.0 |   173
           D:4 |       0 |      98 |   0.0 |       0 |       7 |   0.0 |  1018
               +---------+---------+-------+---------+---------+-------+---------
